 Dungeon Crawl Stone Soup version 0.21-a0-125-gb006224 (webtiles) character file.

140 Musica the Cudgeler (level 5, -1/32 HPs)
             Began as a Gargoyle Skald on July 14, 2017.
             Slain by a gnoll
             ... wielding a +0 halberd
              (15 damage)
             ... on level 3 of the Dungeon.
             The game lasted 00:08:32 (2267 turns).

Musica the Cudgeler (Gargoyle Skald)                Turns: 2267, Time: 00:08:33

Health: -1/32      AC:  9    Str: 13 (14) XL:     5   Next: 22%
Magic:  1/8        EV: 11    Int: 11 (14) God:
Gold:   166        SH:  3    Dex:  8      Spells: 5/8 levels left

rFire    . . .     SeeInvis .   a - +1 mace
rCold    . . .     Gourm    .   k - +0 buckler
rNeg     + . .     Faith    .   b - +0 leather armour
rPois    ∞         Spirit   .   (no helmet)
rElec    +         Reflect  .   (no cloak)
rCorr    .         Harm     .   e - +1 pair of gloves
MR       .....                  (no boots)
Stlth    +.........             (no amulet)
HPRegen  0.10/turn              n - -2 ring of dexterity (curse)
MPRegen  0.11/turn              r - ring of wizardry

@: singing (expiring), very slightly contaminated
A: negative energy resistance 1, electricity resistance, unbreathing,
petrification resistance, rot immunity, AC +4
a: no special abilities


You were on level 3 of the Dungeon.
You were not hungry.

You visited 1 branch of the dungeon, and saw 4 of its levels.

You collected 166 gold pieces.

Inventory:

Hand Weapons
 a - a +1 mace (weapon)
Missiles
 j - 13 poisoned needles
 q - 18 arrows
Armour
 b - a +0 leather armour (worn)
 e - a +1 pair of gloves (worn)
 i - a +0 ring mail
 k - a +0 buckler (worn)
Jewellery
 n - a cursed -2 ring of dexterity (left hand)
 r - a ring of wizardry (right hand)
Scrolls
 h - 2 scrolls of identify
Potions
 f - a potion of heal wounds
 g - a potion of curing {unknown}
 m - a potion of flight {unknown}
Books
 c - a book of Battle

   Spells                             Type                      Level
   a - Infusion                       Charms                       1
   b - Shroud of Golubria             Charms/Translocation         2
   c - Song of Slaying                Charms                       2
   d - Spectral Weapon                Hexes/Charms                 3
   e - Regeneration                   Charms/Necromancy            3
Comestibles
 d - 3 bread rations
 l - a meat ration
 p - 2 royal jellies


   Skills:
 + Level 2.8 Fighting
 + Level 4.0 Maces & Flails
 - Level 1.2 Armour
 - Level 1.7 Dodging
 + Level 0.4 Shields
 + Level 2.3 Spellcasting
 + Level 3.2 Charms


You had 5 spell levels left.
You knew the following spells:

 Your Spells              Type           Power        Failure   Level  Hunger
a - Infusion              Chrm           #...         6%          1    ##.....
b - Song of Slaying       Chrm           #.......     9%          2    ###....


Dungeon Overview and Level Annotations

Branches:
Dungeon (4/15)
 Temple: D:4-7

Altars:
Wu Jian
Xom


Innate Abilities, Weirdness & Mutations

You are resistant to torment.
Your stone body is resilient. (AC +4)
You are immune to poison.
You resist negative energy. (rN+)
You are resistant to electric shocks. (rElec)
You can survive without breathing.
You are immune to petrification.
You are immune to rotting.


Message History

You hit the gnoll but do no damage.
The gnoll is severely wounded.
The quokka barely misses you. The gnoll closely misses you.
You block the hobgoblin's attack. The gnoll hits you but does no damage.
The quokka bites you but does no damage.
You hit the gnoll but do no damage.
The gnoll is severely wounded.
The gnoll hits you but does no damage. The hobgoblin hits you.
The quokka bites you. The gnoll barely misses you.
You hit the gnoll.
You kill the gnoll!
Your Maces & Flails skill increases to level 4!
Your song is almost over.
The quokka misses you.
The hobgoblin hits you but does no damage.
The gnoll closely misses you.
The quokka bites you but does no damage.
The hobgoblin closely misses you. The gnoll hits you with a halberd!
You die...

#####...#################
....'...'................
#####...################.
.........................
###.###........#########.
##<..###.#.###..# #.
#................# ##
#................... .
............r.@g......
##.......%..).g.......
#...g.................
......................
...........).........#
................#
...............#
................


You could see a gnoll, a quokka and a hobgoblin.

Vanquished Creatures
  A gnoll shaman (D:3)
  3 gnolls (D:3)
  An adder (D:3)
  4 dart slugs (D:1)
  A worm (D:3)
  2 leopard geckos
  An orc (D:4)
  A ball python (D:2)
  A giant cockroach (D:1)
  8 hobgoblins
  4 jackals
  9 bats
  6 frilled lizards
  7 goblins
  8 kobolds
  11 rats
68 creatures vanquished.

Notes
Turn   | Place    | Note
-------+----------+-------------------------------------------
     0 | D:1      | Musica the Gargoyle Skald began the quest for the Orb.
     0 | D:1      | Reached XP level 1. HP: 12/12 MP: 3/3
   172 | D:1      | Reached XP level 2. HP: 15/17 MP: 5/5
   652 | D:1      | Reached XP level 3. HP: 17/21 MP: 6/6
   834 | D:2      | Found an ornate altar of the Wu Jian Council.
  1006 | D:2      | Learned a level 2 spell: Song of Slaying
  1031 | D:2      | Found a shimmering altar of Xom.
  1199 | D:2      | Reached skill level 3 in Maces & Flails
  1272 | D:2      | Reached XP level 4. HP: 27/27 MP: 3/7
  1996 | D:3      | Reached XP level 5. HP: 11/32 MP: 6/8
  2266 | D:3      | Reached skill level 4 in Maces & Flails
  2267 | D:3      | Slain by a gnoll

Vault maps used:
D:1:      dpeg_arrival_arbitrary_b
D:2:      cheibrodos_helix_gallery, lemuel_round_altar, xom_teletrap_fun,
          first_bread
D:3:      minmay_wonky_spiral, zin_statuary, st_stairs_12

Skill      XL: |  1  2  3  4  5 |
---------------+----------------+-----
Charms         | 3 |  3.2
Maces & Flails | 3 4 |  4.0
Fighting       | |  2.8
Armour         | |  1.2
Dodging        | |  1.7
Shields        | |  0.4
Spellcasting   | |  2.3

Action                   |  1- 3 |  4- 6 || total
-------------------------+-------+-------++-------
Melee: Mace              |   156 |    97 ||   253
 Cast: Infusion          |     9 |     5 ||    14
       Song of Slaying   |       |     1 ||     1
  Use: Scroll            |     4 |     1 ||     5
       Potion            |       |     1 ||     1
  Eat: Chunk             |     2 |     1 ||     3
       Fruit             |       |     4 ||     4
Armor: Leather armour    |    57 |    55 ||   112
       Ring mail         |     8 |       ||     8
Dodge: Dodged            |   113 |    69 ||   182
Block: Buckler           |    10 |    15 ||    25
